Map: Triton LE

Players

RagnaroK (SHIN)

  • Race: Zerg Zerg
  • Spawn Location: 5:00

Dear - Winner!

  • Race: Protoss Protoss
  • Spawn Location: 11:00

Event: IEM Katowice 2020

VOD

Have the link to the VOD?

Description

Time

  • Played on: Feb. 25, 2020, 11:50 a.m.
  • Length: 6:46

All games in this series

Show
View Real Time Build Order
Export as new Build Order

RagnaroK Zerg 

Build Orders: Hatch First 

Get SALT Encoding   

  12  0:00  Drone  
  13  0:08  Drone  
  14  0:16  Overlord  
  14  0:35  Drone x2  
  16  0:47  Hatchery  
  15  0:51  Drone  
  15  0:55  Drone  
  17  0:58  Drone  
  18  1:08  Extractor  
  17  1:13  Spawning Pool  
  17  1:16  Drone  
  17  1:21  Drone  
  18  1:29  Drone  
  19  1:39  Drone  
  20  1:47  Hatchery  
  20  1:50  Drone  
  20  2:00  Queen  
  22  2:05  Zergling x2  
  24  2:08  Drone  
  24  2:12  Drone  
  25  2:18  Overlord  
  25  2:25  Queen  
  25  2:28  Drone  
  28  2:38  Zergling x2  
  28  2:40  Queen  
  28  2:41  Drone  
  28  2:42  Drone  
  33  2:47  Metabolic Boost  
  33  2:52  Drone x2  
  35  3:00  Queen  
  35  3:01  Drone  
  35  3:03  Drone  
  39  3:08  Zergling x2  
  40  3:16  Zergling x2  
  40  3:19  Overlord  
  41  3:22  Drone  
  41  3:25  Overlord  
  42  3:32  Overlord  
  42  3:35  Evolution Chamber  
  42  3:36  Drone  
  42  3:37  Queen  
  42  3:38  Drone x3  
  42  3:39  Drone  
  48  3:43  Spore Crawler  
  48  3:45  Spore Crawler  
  48  3:47  Drone  
  47  3:50  Drone  
  47  3:53  Drone x2  
  50  3:57  Zergling x2  
  50  3:58  Drone  
  50  3:59  Drone  
  50  4:01  Drone  
  54  4:05  Drone x2  
  54  4:06  Drone  
  54  4:09  Zerg Melee Weapons Level 1  
  57  4:16  Overlord  
  57  4:19  Drone  
  57  4:24  Overlord  
  57  4:31  Overlord  
  57  4:32  Overlord  
  57  4:33  Spore Crawler  
  57  4:36  Zergling x10  
  61  4:43  Zergling x6  
  64  4:46  Drone x3  
  67  4:54  Lair  
  67  5:00  Zergling x16  
  74  5:09  Drone  
  74  5:13  Spore Crawler, Drone  
  74  5:17  Drone  
  74  5:18  Drone x3  
  74  5:19  Hatchery  
  77  5:22  Spore Crawler, Drone x2  
  77  5:23  Drone  
  77  5:25  Drone  
  77  5:26  Drone  
  79  5:29  Spore Crawler, Drone  
  79  5:31  Drone  
  79  5:33  Zergling x4  
  76  5:37  Baneling Nest  
  76  5:38  Zergling x2  
  76  5:40  Spine Crawler  
  75  5:43  Zergling x6  
  75  5:45  Zergling x4  
  75  5:48  Zergling x2  
  80  5:50  Spine Crawler  
  80  5:53  Zergling x10  
  84  5:58  Zergling x6  
  84  6:02  Zergling x4  
  83  6:06  Zergling x2  
  73  6:12  Zergling x2  
  73  6:13  Zergling x2  
  73  6:15  Zergling x2  
  67  6:22  Zergling x6  
  67  6:25  Zergling x6  
Show
View Real Time Build Order
Export as new Build Order

Dear Protoss - Winner!

Build Orders: 1 Gate Expand, Oracle Opening, Phoenix Opening 

Get SALT Encoding   

  12  0:00  Probe  
  13  0:12  Probe  
  14  0:17  Pylon  
  14  0:25  Probe (Chrono Boost)  
  15  0:37  Probe (Chrono Boost)  
  16  0:45  Probe (Chrono Boost), Gateway  
  16  0:49  Assimilator  
  17  0:51  Probe  
  18  1:03  Probe  
  19  1:15  Probe  
  20  1:23  Nexus  
  20  1:34  Cybernetics Core  
  20  1:37  Probe  
  21  1:42  Assimilator  
  21  1:49  Probe  
  21  1:52  Pylon  
  23  2:01  Probe  
  23  2:08  Adept (Chrono Boost)  
  23  2:13  Probe  
  23  2:15  Stargate  
  26  2:24  Warp Gate  
  26  2:26  Probe (Chrono Boost)  
  27  2:30  Adept  
  27  2:35  Probe (Chrono Boost)  
  30  2:38  Probe (Chrono Boost)  
  32  2:45  Probe (Chrono Boost)  
  32  2:46  Probe (Chrono Boost)  
  32  2:50  Probe (Chrono Boost)  
  33  2:52  Probe  
  35  2:59  Phoenix (Chrono Boost)  
  35  3:01  Probe  
  35  3:04  Probe  
  35  3:05  Pylon  
  39  3:13  Probe  
  39  3:16  Probe  
  41  3:20  Oracle (Chrono Boost)  
  41  3:23  Gateway  
  41  3:25  Probe  
  45  3:28  Probe  
  45  3:29  Adept  
  48  3:36  Pylon  
  48  3:37  Probe  
  48  3:40  Probe  
  50  3:44  Assimilator  
  50  3:46  Twilight Council  
  50  3:50  Probe, Assimilator  
  50  3:52  Probe  
  52  4:01  Gateway  
  52  4:03  Gateway  
  52  4:05  Gateway  
  52  4:07  Probe  
  53  4:15  Resonating Glaives (Chrono Boost)  
  53  4:18  Adept x2  
  57  4:31  Nexus  
  57  4:34  Pylon  
  57  4:39  Adept x2  
  57  4:44  Pylon  
  61  4:46  Probe  
  61  4:52  Probe  
  63  5:01  Adept x3  
  63  5:02  Adept  
  63  5:03  Adept  
  63  5:06  Pylon  
  73  5:11  Robotics Facility  
  71  5:24  Adept x3  
  71  5:27  Adept x2  
  81  5:31  Probe x2  
  81  5:39  Forge  
  81  5:43  Probe x2  
  81  5:45  Adept  
  81  5:46  Adept  
  81  5:47  Sentry x2  
  91  5:51  Probe  
  91  5:52  Sentry  
  91  5:55  Probe  
  95  5:58  Probe  
  95  6:03  Probe  
  97  6:07  Probe  
  97  6:10  Probe  
  101  6:20  Pylon  
  101  6:22  Pylon  
  101  6:24  Probe x2  
  101  6:25  Probe  
  96  6:38  Assimilator  
  97  6:41  Assimilator  
  97  6:43  Templar Archives  

Tags
 
Add a new tag
Caveats
  • Supply blocks, unpowered buildings, or Contaminate may cause inaccurate times.
  • Supply counts are checked every 10 seconds.